 Dungeon Crawl Stone Soup version 0.27-a0-660-g90476cec82 (webtiles) character file.

Game seed: 3306779271834480823

168806 jasper the Markshuman (level 18, -3/149 HPs)
             Began as a Human Wanderer on Mar 16, 2021.
             Was a High Priest of Okawaru.
             Slain by a wolf spider (4 damage)
             ... on level 2 of the Spider Nest.
             The game lasted 01:02:22 (46448 turns).

jasper the Markshuman (Human Wanderer)             Turns: 46448, Time: 01:02:23

Health: -3/149     AC: 20    Str: 15    XL:     18   Next: 59%
Magic:  24/24      EV: 18    Int: 12    God:    Okawaru [*****.]
Gold:   1191       SH:  0    Dex: 22    Spells: 20/21 levels left

rFire    + . .     SeeInvis .   U - +12 longbow "Dragonslayer" {flame, +Blink}
rCold    + . .     Faith    +   (shield currently unavailable)
rNeg     . . .     Spirit   .   J - +5 ring mail {rF+}
rPois    +         Reflect  .   B - +0 helmet
rElec    .         Harm     .   h - +0 cloak
rCorr    .         Rampage  .   R - +1 pair of gloves {Dex+3}
Will     +....                  e - +1 pair of boots {Fly}
Stlth    +.........             g - amulet of faith
HPRegen  0.34/turn              K - ring of protection from cold
MPRegen  0.19/turn              y - ring of poison resistance

@: lethally poisoned (-3 -> -4), about to teleport, studying 3 skills
A: no striking features
a: Renounce Religion, Evoke Blink, Evoke Flight, Heroism, Finesse


You were on level 2 of the Spider Nest.
You worshipped Okawaru.
Okawaru was extremely pleased with you.
You visited 6 branches of the dungeon, and saw 27 of its levels.
You also visited: Ossuary.

You collected 3380 gold pieces.
You spent 2189 gold pieces at shops.

Inventory:

Hand Weapons
 m - a +1 longbow
 t - the +12 glaive of Prune {vorpal}
   (You found it on level 6 of the Lair of Beasts)

   It inflicts extra damage upon your enemies.
 U - the +12 longbow "Dragonslayer" (weapon) {flame, +Blink}
   (Okawaru gifted it to you on level 6 of the Lair of Beasts)

   It causes projectiles fired from it to burn those they strike, causing extra
   injury to most foes and up to half again as much damage against particularly
   susceptible opponents.
   It lets you blink.
Missiles
 i - 555 stones
 l - 526 arrows (quivered ammo)
 n - 10 silver javelins
 x - 15 javelins
 N - a throwing net
Armour
 e - a +1 pair of boots of flying (worn)
 h - a +0 cloak (worn)
 s - a scarf of repulsion
 B - a +0 helmet (worn)
 H - +0 acid dragon scales
 J - a +5 ring mail of fire resistance (worn)
 R - a +1 pair of gloves of dexterity (worn)
Jewellery
 f - an amulet of regeneration
 g - an amulet of faith (around neck)
 o - a ring of positive energy
 r - a +6 ring of strength
 y - a ring of poison resistance (left hand)
 K - a ring of protection from cold (right hand)
 S - an amulet of the acrobat
 Z - a +4 ring of evasion
Wands
 d - a wand of flame (17)
 w - a wand of acid (23)
 F - a wand of iceblast (10)
 T - a wand of charming (8)
 V - a wand of polymorph (14)
Scrolls
 a - a scroll of fog
 c - 9 scrolls of teleportation
 q - 6 scrolls of enchant armour
 C - 2 scrolls of amnesia
 L - 3 scrolls of torment
 P - 2 scrolls of magic mapping
 W - 5 scrolls of enchant weapon
 Y - a scroll of identify
Potions
 b - a potion of resistance
 j - 5 potions of curing
 k - 2 potions of brilliance
 p - 3 potions of magic
 v - 7 potions of lignification
 z - 4 potions of cancellation
 A - 3 potions of mutation
 D - 6 potions of haste
 E - 5 potions of attraction
 I - 4 potions of flight
 M - 2 potions of ambrosia
 O - 2 potions of might
 Q - a potion of berserk rage
 X - 2 potions of invisibility
Miscellaneous
 u - a lightning rod (4/4)


   Skills:
 - Level 15.0 Fighting
 - Level 3.0 Short Blades
 * Level 19.6 Bows
 - Level 3.2 Throwing
 - Level 10.0 Armour
 - Level 10.0 Dodging
 - Level 1.0 Stealth
 - Level 2.0 Spellcasting
 - Level 4.0 Necromancy
 - Level 1.0 Translocations
 - Level 8.0 Invocations
 - Level 5.0 Evocations


You had 20 spell levels left.
You knew the following spells:

 Your Spells              Type           Power      Damage    Failure   Level
a - Animate Skeleton      Necr           20%        N/A       9%          1

Your spell library contained the following spells:

 Spells                   Type           Power      Damage    Failure   Level
 Pain                     Necr           40%        1d6       9%          1
 Vampiric Draining        Necr           5%         2d6       26%         3
 Beastly Appendage        Tmut           2%         N/A       41%         1
 Shock                    Conj/Air       4%         1d3       41%         1
 Ensorcelled Hibernation  Hex/Ice        2%         N/A       56%         2
 Slow                     Hex            1%         N/A       56%         2
 Wereblood                Tmut           1%         N/A       56%         2
 Animate Dead             Necr           5%         N/A       65%         4
 Spider Form              Tmut/Pois      0%         N/A       80%         3
 Agony                    Necr           10%        N/A       94%         5
 Cause Fear               Hex            0%         N/A       99%         4
 Hailstorm                Conj/Ice       1%         3d3       99%         4
 Ice Form                 Ice/Tmut       1%         N/A       99%         4
 Blade Hands              Tmut           0%         N/A       100%        5
 Simulacrum               Ice/Necr       3%         N/A       100%        6
 Tornado                  Air            0%         N/A       100%        9


Dungeon Overview and Level Annotations

Branches:
Dungeon (15/15)            Temple (1/1) D:5            Lair (6/6) D:10
 Shoals (0/4) Lair:4       Spider (2/4) Lair:2        Slime (1/5) Lair:5
    Orc (2/2) D:11            Elf (0/3) Orc:2        Vaults (0/5) D:13
 Depths (0/5) D:15        Ossuary (visited)

Altars:
Ashenzari
Cheibriados
Dithmenos
Elyvilon
Fedhas
Gozag
Hepliaklqana
Kikubaaqudgha
Makhleb
Nemelex Xobeh
Okawaru
Qazlal
Ru
Sif Muna
Trog
Uskayaw
Vehumet
Wu Jian
Xom
Yredelemnul
Zin
The Shining One
Jiyva

Shops:
D:10 [   D:11 **   Orc:2 *[?(

Annotations:
Lair:4 3 runed translucent doors, Daelid's ghost, journeyman MfGl
Spider:2 Arachne; Roxanne


Message History

* * * LOW HITPOINT WARNING * * *
Arachne stares at you and mumbles some strange words.
The poison arrow hits you.
You are poisoned.
You partially resist.
* * * LOW HITPOINT WARNING * * *
The demonic crawler barely misses you. x3; The demonic crawler hits you.
* * * LOW HITPOINT WARNING * * *
The demonic crawler hits you but does no damage.
The demonic crawler misses you. The tarantella misses you.
The wolf spider hits you but does no damage.
The wolf spider barely misses you. The redback misses you.
The wolf spider hits you but does no damage.
The wolf spider closely misses you. The demonic crawler closely misses you.
The demonic crawler hits you but does no damage.
The demonic crawler closely misses you.
The demonic crawler hits you but does no damage.
The demonic crawler closely misses you. The demonic crawler barely misses you.
Unknown command.
Unknown command.
As you read the scroll of teleportation, it crumbles to dust.
You feel strangely unstable.
You feel sick. The tarantella bites you!
* * * LOW HITPOINT WARNING * * *
The wolf spider misses you.
The wolf spider bites you but does no damage.
The redback bites you but does no damage.
Arachne stares at you and mumbles some strange words.
The poison arrow misses you.
The poison arrow hits the wolf spider!
The wolf spider looks as sick as possible!
The wolf spider misses you. The wolf spider barely misses you.
The demonic crawler closely misses you.
The demonic crawler hits you but does no damage.
The demonic crawler hits you!
* * * LOW HITPOINT WARNING * * *
The demonic crawler misses you. The demonic crawler hits you.
* * * LOW HITPOINT WARNING * * *
The demonic crawler misses you. The redback closely misses you.
The wolf spider hits you but does no damage.
The wolf spider bites you.
You die...

.........#.....##...
...^........(.......
....$......#.............
...................(.s...
.......(.......(..(......
............(.>s.............
..........^..ssss....^.......
..............ssss...>.....§.
..=...........ss@s†..(.......
..............(sHs....(.....§
...........(.................
(.....^.....(.....s..........
....s.<......................
...............^.............
....(......................?.
...8....#....................
.......^.....................


You could see Arachne, 2 demonic crawlers, 2 wolf spiders, 3 orb spiders, 2
tarantellas and 6 redbacks.

Vanquished Creatures
  Jorgrun (Spider:1)
  Rupert (D:15)
  Agnes (Spider:1)
  Kirke (D:12)
  Aizul (Lair:2)
  Louise (D:15)
  An orc warlord (D:13)
  An ironbound preserver (D:13)
  Azrael (D:11)
  A fire dragon (D:15)
  An ice dragon (D:15)
  The ghost of Drazool the Transmogrifier, a journeyman DrTm of Elyvilon (Lair:1)
  6 hydras
  3 boulder beetles
  5 centaur warriors
  5 catoblepae
  An ogre mage (D:15)
  16 death yaks
  A deep troll shaman (Lair:6)
  A tengu warrior (D:14)
  9 two-headed ogres
  Urug (D:10)
  4 orc high priests
  Nergalle (D:12)
  5 skeletal warriors (D:15)
  3 unseen horrors
  2 lindwurms
  Pikel (D:5)
  6 orc knights
  A deep elf pyromancer (D:14)
  5 wolf spiders (Spider:1)
  3 cyclopes
  10 ugly things
  An oklob plant (Orc:2)
  2 orb spiders (Spider:1)
  An orc sorcerer (D:11)
  2 manticores
  7 black mambas
  11 elephants
  2 torpor snails
  4 centaur skeletons
  12 komodo dragons
  10 cane toads
  An efreet (D:13)
  2 demonic crawlers
  6 rime drakes
  4 jumping spiders
  A wind drake (Lair:4)
  10 trolls
  A wolf spider simulacrum (D:15)
  3 polar bears
  Prince Ribbit (D:8)
  Grinder (D:3)
  A hornet (D:10)
  13 blink frogs
  6 slime creatures
  19 redbacks
  A shadow (D:11)
  2 wraiths
  A yak (shapeshifter) (D:15)
  4 basilisks
  A hog (shapeshifter) (D:13)
  Grum (D:10)
  6 tarantellas
  6 wyverns
  58 yaks
  5 fire elementals
  5 hogs
  7 vampire mosquitoes
  14 steam dragons (Lair:3)
  3 wargs
  3 acid dragons
  20 water moccasins
  2 hell hounds
  38 orc warriors
  4 sky beasts
  7 ice beasts
  A hornet zombie (D:9)
  11 ogres
  5 black bears
  35 wolves
  12 centaurs
  2 phantoms
  25 bullfrogs
  2 wyvern zombies
  A wyvern skeleton (D:11)
  4 scorpions
  A water moccasin skeleton (D:5)
  5 killer bees (D:7)
  14 wights
  4 jellies
  2 electric eels (D:10)
  A howler monkey (D:8)
  6 centaur zombies
  4 bullfrog zombies
  12 hounds
  A quasit (D:10)
  37 orc priests
  A bullfrog skeleton (D:9)
  3 iguanas
  7 worker ants
  12 orc wizards
  A hound skeleton (D:4)
  3 worker ant zombies
  A howler monkey skeleton (D:9)
  6 gnolls
  8 adders
  2 shadow imps
  A white imp (D:10)
  2 ufetubi
  An adder zombie (Ossuary)
  An ooze (D:3)
  An adder skeleton (D:5)
  4 worms
  2 dart slugs (D:2)
  3 leopard geckos
  111 orcs
  3 giant cockroaches
  3 goblins (D:1)
  2 hobgoblins
  7 jackals
  5 kobolds
  5 quokkas
  2 ball pythons
  A ball python skeleton (D:4)
  4 bats
  3 frilled lizards
  A giant cockroach zombie (D:5)
  A goblin zombie (Ossuary)
  5 hobgoblin zombies (Ossuary)
  A jackal zombie (Ossuary)
  10 kobold zombies (Ossuary)
  10 orc zombies (Ossuary)
  5 rats
833 creatures vanquished.

Vanquished Creatures (collateral kills)
  2 orc high priests (Orc:2)
  An orc knight (Orc:2)
  2 orc warriors (Orc:2)
  2 orcs (Orc:2)
7 creatures vanquished.

Vanquished Creatures (others)
  40 fungi
  44 plants
84 creatures vanquished.

Grand Total: 924 creatures vanquished

Notes
Turn   | Place    | Note
-------+----------+-------------------------------------------
     0 | D:1      | jasper the Human Wanderer began the quest for the Orb.
     0 | D:1      | jasper set off with the following items: a +2 short sword,
                  | a +0 spear, a scroll of teleportation, a +0 robe
     0 | D:1      | Reached XP level 1. HP: 16/16 MP: 3/3
   296 | D:1      | Reached XP level 2. HP: 22/23 MP: 5/5
   836 | D:1      | Reached XP level 3. HP: 29/29 MP: 6/6
  1057 | D:2      | Reached XP level 4. HP: 34/37 MP: 7/7
  1615 | D:3      | Noticed Grinder
  1618 | D:3      | Paralysed by Grinder for 7 turns
  1626 | D:3      | Killed Grinder
  1627 | D:3      | Reached skill level 5 in Fighting
  1627 | D:3      | Reached XP level 5. HP: 38/44 MP: 8/8
  1627 | D:3      | Reached XP level 6. HP: 44/51 MP: 9/9
  1763 | D:3      | You fall into a shaft and drop 2 floors!
  1763 | D:5      | Entered Level 5 of the Dungeon
  1822 | D:5      | Noticed an ogre
  1845 | D:5      | Killed an ogre
  1846 | D:5      | Reached skill level 1 in Evocations
  1962 | D:5      | Reached XP level 7. HP: 42/57 MP: 10/10
  2002 | D:5      | Found a staircase to the Ecumenical Temple.
  2011 | Temple   | Entered the Ecumenical Temple
  2235 | Temple   | Became a worshipper of Warmaster Okawaru
  2419 | D:5      | Reached skill level 1 in Bows
  2528 | D:4      | Reached skill level 2 in Bows
  2557 | D:4      | Identified the Volume of Beguiling
  2740 | D:3      | Found a glowing silver altar of Zin.
  2741 | D:3      | Found a sparkling altar of Nemelex Xobeh.
  2941 | D:3      | Reached XP level 8. HP: 65/65 MP: 11/11
  3060 | D:3      | Found a sacrificial altar of Ru.
  3370 | D:3      | Found a stormy altar of Qazlal.
  3883 | D:4      | Reached skill level 3 in Bows
  4197 | D:5      | Reached * piety under Okawaru
  4198 | D:5      | Reached skill level 4 in Bows
  4786 | D:5      | Noticed Pikel
  4802 | D:5      | Killed Pikel
  4802 | D:5      | Reached ** piety under Okawaru
  4803 | D:5      | Reached skill level 5 in Bows
  4803 | D:5      | Reached XP level 9. HP: 68/72 MP: 12/12
  5263 | D:6      | Reached skill level 6 in Bows
  5263 | D:6      | Reached skill level 5 in Evocations
  5452 | D:6      | Found a sand-covered staircase.
  5459 | Ossuary  | Entered an ossuary
  6111 | D:6      | Reached skill level 1 in Invocations
  7314 | D:7      | Reached skill level 7 in Bows
  7318 | D:7      | Reached *** piety under Okawaru
  8270 | D:7      | Reached XP level 10. HP: 43/81 MP: 13/13
  8639 | D:8      | Reached skill level 8 in Bows
  9143 | D:8      | Noticed Prince Ribbit
  9146 | D:8      | Killed Prince Ribbit
  9146 | D:8      | Received a gift from Okawaru
  9147 | D:8      | Reached skill level 1 in Armour
  9147 | D:8      | Reached skill level 1 in Dodging
  9612 | D:8      | Learned a level 1 spell: Animate Skeleton
 10433 | D:8      | Received a gift from Okawaru
 11138 | D:9      | Reached skill level 9 in Bows
 11316 | D:9      | Identified a scroll of acquirement
 11316 | D:9      | Acquired a manual of Invocations
 11556 | D:10     | Entered Level 10 of the Dungeon
 11590 | D:10     | Received a gift from Okawaru
 11607 | D:10     | Reached **** piety under Okawaru
 12216 | D:10     | Found a staircase to the Lair.
 12263 | D:10     | Received a gift from Okawaru
 12264 | D:10     | Reached XP level 11. HP: 64/89 MP: 14/14
 12584 | D:10     | Noticed Grum
 13021 | D:10     | Killed Grum
 13123 | D:10     | Found Dofamysoik's Antique Armour Boutique.
 13132 | D:10     | Bought a pair of runed gloves for 187 gold pieces
 13137 | D:10     | Bought a fine ring mail for 225 gold pieces
 13137 | D:10     | Identified the +0 ring mail of the Past {rF- Int+3 Dex+8}
                  | (You bought it in a shop on level 10 of the Dungeon)
 13443 | D:10     | Noticed Urug
 13756 | D:11     | Reached skill level 10 in Bows
 13824 | D:11     | Found a staircase to the Orcish Mines.
 14061 | D:11     | Received a gift from Okawaru
 14291 | D:11     | Noticed a two-headed ogre
 14307 | D:11     | Killed a two-headed ogre
 14524 | D:11     | Found Jeofeus's Changing Room.
 14539 | D:11     | Bought a potion of lignification for 45 gold pieces
 14554 | D:11     | Noticed a green ugly thing
 14565 | D:11     | Killed a green ugly thing
 14633 | D:11     | Reached skill level 5 in Armour
 14683 | D:11     | Reached skill level 5 in Dodging
 14841 | D:11     | Found Modetoomp's Assorted Antiques.
 14844 | D:11     | Bought a potion of curing for 93 gold pieces
 14844 | D:11     | Bought a yellow potion for 27 gold pieces
 15496 | D:12     | Noticed Kirke
 15499 | D:12     | Noticed a sphinx
 15502 | D:11     | Received a gift from Okawaru
 15658 | D:11     | Reached skill level 10 in Fighting
 16146 | D:12     | Reached skill level 11 in Bows
 16155 | D:12     | Killed an unseen horror
 16321 | D:12     | Noticed a two-headed ogre
 16328 | D:12     | Killed a two-headed ogre
 16328 | D:12     | Reached ***** piety under Okawaru
 16329 | D:12     | Reached XP level 12. HP: 80/97 MP: 12/15
 16570 | D:12     | Killed Kirke
 16571 | D:12     | Reached skill level 5 in Invocations
 16744 | D:12     | Received a gift from Okawaru
 17230 | D:12     | Noticed Nergalle
 17243 | D:12     | Killed Nergalle
 17243 | D:12     | Received a gift from Okawaru
 17353 | D:12     | Noticed a two-headed ogre
 17365 | D:12     | Killed a two-headed ogre
 17366 | D:12     | Reached skill level 12 in Bows
 17534 | D:12     | Noticed a boulder beetle
 17549 | D:12     | Killed a boulder beetle
 17648 | D:12     | Noticed Azrael
 17684 | Orc:1    | Entered Level 1 of the Orcish Mines
 17684 | Orc:1    | Noticed an orc high priest
 18339 | Orc:1    | Noticed an orc warlord
 18465 | Orc:1    | Noticed a sixfirhy
 18466 | Orc:1    | Noticed a sixfirhy
 18708 | D:11     | Received a gift from Okawaru
 18971 | Orc:1    | Noticed a sun demon
 19277 | Orc:1    | Noticed a sixfirhy
 19372 | Orc:1    | Killed an orc high priest
 19373 | Orc:1    | Reached XP level 13. HP: 71/105 MP: 17/19
 20154 | Orc:2    | Entered Level 2 of the Orcish Mines
 21042 | Orc:2    | Reached skill level 1 in Necromancy
 21244 | Orc:2    | Reached skill level 13 in Bows
 22143 | Orc:2    | Found a staircase to the Elven Halls.
 23235 | Orc:2    | Received a gift from Okawaru
 24278 | Orc:2    | Found Acoahit's Armour Shoppe.
 24281 | Orc:2    | Found Teeg's Weapon Shoppe.
 24284 | Orc:2    | Found Bess's Magic Scroll Emporium.
 24285 | Orc:2    | Found Ditzar's Assorted Antiques.
 24768 | Lair:1   | Entered Level 1 of the Lair of Beasts
 24930 | Lair:1   | Found a runed translucent door.
 25027 | Lair:1   | Received a gift from Okawaru
 25653 | Lair:1   | Noticed Drazool's ghost (journeyman DrTm)
 25679 | Lair:1   | Killed Drazool's ghost
 25722 | Lair:1   | Identified the Compendium of the Several Queens
 25765 | Lair:2   | Noticed a five-headed hydra
 25792 | Lair:2   | Killed a five-headed hydra
 25792 | Lair:2   | Received a gift from Okawaru
 25832 | Lair:2   | Received a gift from Okawaru
 25833 | Lair:2   | Reached XP level 14. HP: 88/114 MP: 20/20
 25994 | Lair:2   | Reached skill level 14 in Bows
 27391 | Lair:2   | Received a gift from Okawaru
 27617 | Lair:2   | Found an ornate altar of the Wu Jian Council.
 28287 | Lair:2   | Found a hole to the Spider Nest.
 29603 | Lair:3   | Reached skill level 15 in Bows
 29704 | D:11     | Bought a scroll of acquirement for 1612 gold pieces
 29704 | D:11     | Acquired a manual of Dodging
 30122 | Lair:3   | Received a gift from Okawaru
 30123 | Lair:3   | Reached skill level 10 in Dodging
 30941 | Lair:3   | Identified the +1 ring mail "Xoerifel" {Dex+5} (Okawaru
                  | gifted it to you on level 3 of the Lair of Beasts)
 30941 | Lair:3   | Received a gift from Okawaru
 31702 | Lair:4   | Found a staircase to the Shoals.
 32156 | Lair:4   | Reached XP level 15. HP: 113/122 MP: 14/21
 32896 | Lair:4   | Found a runed translucent gate.
 32896 | Lair:4   | Found a runed translucent gate.
 32896 | Lair:4   | Found a runed translucent gate.
 32901 | Lair:4   | Noticed Daelid's ghost (journeyman MfGl)
 32903 | Lair:4   | Found a viscous altar of Jiyva.
 33427 | Lair:5   | Received a gift from Okawaru
 33458 | Lair:5   | Found a staircase to the Slime Pits.
 33746 | Lair:5   | Reached skill level 16 in Bows
 33982 | Lair:5   | Identified the +8 shortbow of Okawaru's Anger {venom,
                  | Fragile rPois rF+ SInv} (Okawaru gifted it to you on level
                  | 5 of the Lair of Beasts)
 33982 | Lair:5   | Received a gift from Okawaru
 34575 | Lair:5   | Reached ****** piety under Okawaru
 35625 | Lair:5   | Identified the +1 plate armour of the Cicada {Int+2 Dex+6}
 35638 | Lair:5   | Acquired a +1 pair of boots of flying
 36176 | Lair:6   | Entered Level 6 of the Lair of Beasts
 36256 | Lair:6   | Received a gift from Okawaru
 36539 | Lair:6   | Identified the +12 longbow "Dragonslayer" {flame, +Blink}
                  | (Okawaru gifted it to you on level 6 of the Lair of Beasts)
 36539 | Lair:6   | Received a gift from Okawaru
 36962 | Lair:6   | Found the +12 glaive of Prune {vorpal}
 37688 | Lair:6   | Reached XP level 16. HP: 132/132 MP: 22/22
 37700 | Lair:6   | Received a gift from Okawaru
 37959 | D:10     | Killed Urug
 38193 | D:11     | Killed Azrael
 38194 | D:11     | Reached skill level 17 in Bows
 38871 | D:13     | Found a gate to the Vaults.
 39585 | D:13     | Received a gift from Okawaru
 39955 | D:13     | Received a gift from Okawaru
 42357 | D:15     | Entered Level 15 of the Dungeon
 42378 | D:15     | Received a gift from Okawaru
 42417 | D:15     | Noticed Louise
 42432 | D:15     | Killed Louise
 42584 | D:15     | Noticed Rupert
 42596 | D:15     | Killed Rupert
 42597 | D:15     | Reached skill level 18 in Bows
 42707 | D:15     | Received a gift from Okawaru
 42746 | D:15     | Reached XP level 17. HP: 140/140 MP: 23/23
 42845 | D:15     | Received a gift from Okawaru
 43230 | D:15     | Received a gift from Okawaru
 43390 | D:15     | Found a staircase to the Depths.
 43488 | D:15     | Received a gift from Okawaru
 43915 | D:15     | Reached skill level 10 in Armour
 44660 | Slime:1  | Entered Level 1 of the Pits of Slime
 44748 | Spider:1 | Entered Level 1 of the Spider Nest
 44748 | Spider:1 | Noticed Jorgrun
 44952 | Spider:1 | Killed Jorgrun
 45097 | Spider:1 | Noticed Aizul
 45112 | Lair:2   | Killed Aizul
 45372 | Spider:1 | Reached skill level 19 in Bows
 45372 | Spider:1 | Reached XP level 18. HP: 148/148 MP: 24/24
 45428 | Spider:1 | Reached skill level 15 in Fighting
 46143 | Spider:1 | Noticed Agnes
 46155 | Spider:1 | Killed Agnes
 46402 | Spider:2 | Noticed Roxanne
 46443 | Spider:2 | Noticed Arachne
 46448 | Spider:2 | HP: 5/149 [demonic crawler (10)]
 46448 | Spider:2 | HP: 1/149 [demonic crawler (4)]
 46448 | Spider:2 | Slain by a wolf spider

Illustrated notes

Levels and vault maps discovered:
D:1:      mrwooster_arrival_statue_3, layout_basic
D:2:      layout_basic
D:3:      layout_basic, chequers_temple_overflow_statue_of_worship,
          kennysheep_flooded_box, lemuel_tele_altar, uniq_grinder
D:4:      layout_loops_cross
D:5:      layout_gridville, temple_pool_b, minmay_manual_monstrance, uniq_pikel
D:6:      layout_rooms, chequers_ossuary_entry_cave, small_statue_intersection
D:7:      layout_basic
D:8:      layout_loops_corners, special_room [special_room_orc],
          uniq_prince_ribbit1
D:9:      layout_cave_pools
D:10:     layout_long_grid, erik_lair_island, serial_shops, shop, minmay_puff,
          uniq_urug, uniq_grum
D:11:     layout_rooms, david_orc_3, serial_shops, kennysheep_mini_moat,
          minmay_misc_feat_x, nicolae_transmutations_shop, minivault_19
D:12:     layout_irregular_city, uniq_nergalle, uniq_azrael, uniq_kirke
D:13:     layout_grid_maze, skrybe_vaults_entry_preservation
D:14:     layout_irregular_city, skrybe_limestone_x
D:15:     grunt_enter_depths_hoard, layout_basic, serial_curves, eino_curves_01,
          eino_curves_02, minmay_quadrilaterals, uniq_rupert, uniq_louise
Temple:   regret_index_temple_chain_breaker
Lair:1:   layout_hall_layers, ebering_ghost_reflecting_pool, grunt_megastairs_3
Lair:2:   layout_layer_cave, spider_nest_entry_rubble,
          nicolae_lair_grove_arrangements, amcnicky_altar_gilded
Lair:3:   beast_lair_carwin_large_2, layout_chaotic_city,
          bobbens_dragon_lair_wall
Lair:4:   layout_cave_shapes, minmay_shoals_entry_beasts, gammafunk_ghost_ooze,
          lemuel_fruit_fields, serial_bayou_shore_b, lemuel_fruit_tree,
          grunt_megastairs_4, serial_bayou_shore_b
Lair:5:   layout_layer_cave, dpeg_slime_entry_corner, lemuel_fruit_fields,
          lemuel_fruit_fields
Lair:6:   grunt_lair_end_beastmaster, layout_regular_city,
          nicolae_quartered_pool_little, infiniplex_staircase_pool_2
Spider:1: layout_spider_delve, hangedman_spider_tarantella_strand, uniq_jorgrun,
          uniq_agnes, uniq_aizul
Spider:2: nicolae_spider_mines_1, nicolae_spider_ant_collections, uniq_arachne,
          uniq_roxanne, uniq_donald
Slime:1:  layout_caves, cheibrodos_slime_lost_civilization_4
Orc:1:    layout_caves
Orc:2:    st_orc_pillars, layout_caves, mines3_lemuel

Skill      XL: |  1  2  3  4  5  6  7  8  9 10 11 12 13 14 15 16 17 18 |
---------------+-------------------------------------------------------+-----
Fighting       | 3 4 5 6 7 8 9 10 11 12 13 14 15 | 15.0
Throwing       | 3 |  3.2
Evocations     | 2 3 4 5 |  5.0
Bows           | 2 5 7 9 11 12 13 15 16 18 19 | 19.6
Invocations    | 2 4 8 |  8.0
Armour         | 3 5 7 9 10 | 10.0
Dodging        | 3 5 7 8 10 | 10.0
Necromancy     | 4 |  4.0
Short Blades   | |  3.0
Stealth        | |  1.0
Spellcasting   | |  2.0
Translocations | |  1.0

Action                   |  1- 3 |  4- 6 |  7- 9 | 10-12 | 13-15 | 16-18 || total
-------------------------+-------+-------+-------+-------+-------+-------++-------
Melee: Short sword       |    75 |    54 |   528 |   154 |       |       ||   811
       Longbow           |       |       |       |       |       |     2 ||     2
 Fire: Longbow           |       |       |    46 |   685 |  1635 |   644 ||  3010
Throw: Stone             |    16 |    17 |    11 |     8 |       |       ||    52
       Dart              |       |     4 |    29 |       |       |       ||    33
Invok: Heroism           |       |       |     1 |    17 |    15 |     6 ||    39
       Finesse           |       |       |       |     3 |     6 |     5 ||    14
 Abil: Stop Flying       |       |       |       |       |     1 |       ||     1
Evoke: Wand              |       |     9 |    18 |    18 |    10 |       ||    55
  Use: Scroll            |       |       |    14 |    10 |     9 |     6 ||    39
       Potion            |       |       |     1 |     1 |       |     7 ||     9
 Stab: Paralysed         |       |       |    15 |       |       |       ||    15
Armor: Ring mail         |    24 |    17 |   271 |   384 |   293 |   175 ||  1164
       Robe              |     1 |       |       |       |       |       ||     1
Dodge: Dodged            |    32 |    29 |   333 |   576 |   752 |   280 ||  2002

Table legend: (Time is in decaauts)
 A = Elapsed time spent in this place.
 B = Non-inter-level travel time spent in this place.
 C = Inter-level travel time spent in this place.
 D = Time resting spent in this place.
 E = Time spent auto-exploring this place.
 F = Levels seen in this place.
 G = Mean time per level.
                   A        B        C        D        E       F      G
               +--------+--------+--------+--------+--------+-----+--------+
         Total |  46302 |  44548 |   1754 |  11010 |  26501 |  28 | 1653.6 |
       Dungeon |  25602 |  24724 |    878 |   6848 |  13887 |  15 | 1706.8 |
        Temple |    244 |    185 |     59 |      0 |    183 |   1 |  244.0 |
          Lair |  13583 |  13035 |    548 |   1903 |   9202 |   6 | 2263.8 |
   Spider Nest |   1241 |   1191 |     50 |      0 |   1054 |   2 |  620.5 |
    Slime Pits |      1 |      1 |      0 |      0 |      0 |   1 |    1.0 |
  Orcish Mines |   5393 |   5174 |    219 |   2258 |   2130 |   2 | 2696.5 |
       Ossuary |    234 |    234 |      0 |      0 |     44 |   1 |  234.0 |
               +--------+--------+--------+--------+--------+-----+--------+

Top non-repeatable levels by time:
    D:11: 3740 daAuts
  Lair:2: 3229 daAuts
  Lair:5: 3149 daAuts
   Orc:2: 2863 daAuts
   Orc:1: 2529 daAuts
    D:13: 2473 daAuts
     D:8: 2241 daAuts
  Lair:3: 2190 daAuts
    D:15: 2018 daAuts
    D:12: 1923 daAuts
     D:9: 1880 daAuts
     D:5: 1833 daAuts
    D:10: 1826 daAuts
  Lair:4: 1822 daAuts
     D:7: 1685 daAuts
